 Dungeon Crawl Stone Soup version 0.20.1-1-g8b1a95d (webtiles) character file.

44 superaido the Firebug (level 3, 0/26 HPs)
             Began as a Draconian Fire Elementalist on July 15, 2017.
             Slain by a hobgoblin
             ... wielding a +0 club
              (6 damage)
             ... on level 2 of the Dungeon.
             The game lasted 00:33:50 (1332 turns).

superaido the Firebug (Draconian Fire Elementalist) Turns: 1332, Time: 00:33:50

Health: 0/26       AC:  6    Str: 11    XL:     3   Next: 41%
Magic:  2/6        EV: 12    Int: 15    God:
Gold:   48         SH:  0    Dex: 11    Spells: 6/7 levels left

rFire    . . .     SeeInvis .   a - book of Flames
rCold    . . .     Gourm    .   (no shield)
rNeg     . . .     Faith    .   (armour unavailable)
rPois    .         Spirit   .   (helmet restricted)
rElec    .         Reflect  .   (no cloak)
rCorr    .         Harm     +   c - +0 pair of gloves
MR       .....                  (no boots)
Stlth    ++........             l - amulet of harm
Regen    0.1/turn               (no ring)
MPRegen  0.1/turn               (no ring)

@: no status effects
A: unfitting armour, cold-blooded, AC +5
a: no special abilities


You were on level 2 of the Dungeon.
You were not hungry.

You visited 1 branch of the dungeon, and saw 2 of its levels.

You collected 48 gold pieces.

Inventory:

Hand Weapons
 f - a +0 whip
 i - a +0 club
 n - a +0 club
Missiles
 g - 20 stones (quivered)
Armour
 c - a +0 pair of gloves (worn)
 d - a +0 leather armour
Jewellery
 l - an amulet of harm (around neck)
Scrolls
 e - 2 scrolls of remove curse {unknown}
 k - 2 scrolls of teleportation {unknown}
 o - a scroll of identify {unknown}
 r - a scroll of random uselessness {unknown}
Potions
 h - 2 potions of curing {unknown}
 j - a potion of heal wounds {unknown}
 p - 2 potions of haste {unknown}
 q - a potion of lignification {unknown}
Books
 a - a book of Flames (in hand)

   Spells                             Type                      Level
   a - Flame Tongue                   Conjuration/Fire             1
   b - Throw Flame                    Conjuration/Fire             2
   c - Conjure Flame                  Conjuration/Fire             3
   d - Inner Flame                    Hexes/Fire                   3
   e - Sticky Flame                   Conjuration/Fire             4
   f - Fireball                       Conjuration/Fire             5
Comestibles
 m - 2 royal jellies


   Skills:
 + Level 2.1 Dodging
 + Level 2.0 Stealth
 + Level 2.5 Spellcasting
 + Level 1.8 Conjurations
 + Level 3.4 Fire Magic


You had 6 spell levels left.
You knew the following spells:

 Your Spells              Type           Power        Failure   Level  Hunger
a - Flame Tongue          Conj/Fire      #....        8%          1    #......


Dungeon Overview and Level Annotations

Branches:
Dungeon (2/15)

Altars:


Innate Abilities, Weirdness & Mutations

Your plain brown scales are hard. (AC +5)
You cannot fit into any form of body armour.
You are cold-blooded and may be slowed by cold attacks.


Message History

There is a stone staircase leading down here.
Casting: Flame Tongue
Confirm with . or Enter, or press ? or * to list all spells.
Aiming: Flame Tongue
Press: ? - help, Shift-Dir - straight line, f - worm
Aim: a worm (almost dead)
The flame tongue hits the worm.
You kill the worm!
Welcome back, superaido the Draconian Fire Elementalist.
Press ? for a list of commands and other information.
You climb downwards.
There is a stone staircase leading up here.
A hobgoblin comes into view. It is wielding a club.
Found a long sword and a leather armour.
A rat comes into view.
Really attack while wielding your book of Flames?
The helpless hobgoblin fails to defend itself.
You clumsily bash the hobgoblin but do no damage.
The hobgoblin hits you with a club.
You die...

##########
#........#
#........##
#...r..[..
#.......)#
#........#
.......g.#
.......@.#
.........#####
#####........#
########.#
#.....#
#.#####
#.#.)<#
#.###.#
#.....#


You could see a hobgoblin and a rat.

Vanquished Creatures
  An ooze (D:1)
  A worm (D:1)
  A dart slug (D:1)
  A ball python (D:1)
  3 bats (D:1)
  A giant cockroach (D:1)
  5 goblins (D:1)
  5 hobgoblins (D:1)
  5 jackals (D:1)
  4 kobolds
  4 frilled lizards (D:1)
  A rat (D:1)
32 creatures vanquished.

Notes
Turn   | Place    | Note
-------+----------+-------------------------------------------
     0 | D:1      | superaido the Draconian Fire Elementalist began the quest for the Orb.
     0 | D:1      | Reached XP level 1. HP: 14/14 MP: 3/3
   221 | D:1      | Reached XP level 2. HP: 20/20 MP: 1/5
   679 | D:1      | Reached XP level 3. HP: 26/26 MP: 1/6
  1332 | D:2      | Slain by a hobgoblin

Skill      XL: |  1  2  3 |
---------------+----------+-----
Dodging        | 2 |  2.1
Stealth        | 2 |  2.0
Spellcasting   | |  2.5
Conjurations   | |  1.8
Fire Magic     | |  3.4

Action                   || total
-------------------------++-------
Throw: Stone             ||     9
 Cast: Flame Tongue      ||    62
 Stab: Sleeping          ||     1
  Eat: Bread ration      ||     1
       Fruit             ||     1
Armor: Skin              ||    41
Dodge: Dodged            ||    89
